 Dungeon Crawl Stone Soup version 0.31-a0-496-g6f97920a28 (webtiles) character file.

Game seed: 13536294807644841618

72107 bobarctor the Thaumaturge (level 15, -8/88 (90) HPs)
             Began as a Demonspawn Ice Elementalist on Aug 8, 2023.
             Was the Champion of Dithmenos.
             Mangled by CraigForest's ghost (13 damage)
             ... on level 10 of the Dungeon.
             The game lasted 03:41:31 (24515 turns).

bobarctor the Thaumaturge (DsIE)                   Turns: 24515, Time: 03:41:32

HP:   -8/88 (90)    AC: 19    Str: 18    XL:     15   Next: 0%
MP:   0/33          EV: 13    Int: 26    God:    Dithmenos [******]
Gold: 1513          SH:  0    Dex: 12    Spells: 1/42 levels left

rFire   + . .        e - +2 trident "Juvupim" {freeze, Str+3 Int+2 Dex-4}
rCold   + . .        (no shield)
rNeg    + . .        H - +0 acid dragon scales
rPois   +            P - +2 hat {Will+}
rElec   .            u - +2 cloak
rCorr   +            O - +0 pair of gloves
SInv    +            C - +2 pair of boots {Fly}
Will    +++++        t - amulet of Xecunius {rN+ Will+ Regen+ Str+6 Dex-3}
Stlth   +++          h - ring "Acli" {rPois rC+ Will+}
HPRegen 1.14/turn    B - ring "Diur Ite" {Will+ Int+4 Dex+2 Slay+3 SInv}
MPRegen 0.46/turn

%: guardian spirit
@: liquefying, flying, wreathed by umbra, slowed movement, lightly drained, very
slow
A: horns 2, yellow scales 1, powered by death 3, magic shield, magic
regeneration, fire resistance 1, MP-powered wands
a: Renounce Religion, Shadow Step, Shadow Form


You were on level 10 of the Dungeon.
You worshipped Dithmenos.
Dithmenos was exalted by your worship.
You visited 3 branches of the dungeon, and saw 18 of its levels.
You also visited: Sewer and Gauntlet.

You collected 1798 gold pieces.
You spent 285 gold pieces at shops.

Inventory:

Hand Weapons
 a - a +2 longbow of flaming
 e - the +2 trident "Juvupim" (weapon) {freeze, Str+3 Int+2 Dex-4}
   (You found it on level 6 of the Dungeon)

   Str:       It affects your strength (+3).
   Int:       It affects your intelligence (+2).
   Dex:       It affects your dexterity (-4).
 A - a +2 trident of venom
 S - the +6 sling "Melenkit" {elec, rF+ rN+ SInv}
   (You took it off a minotaur in a Gauntlet)

   rF:        It protects you from fire.
   rN:        It protects you from negative energy.
   SInv:      It lets you see invisible.
Missiles
 g - 4 curare-tipped darts
 m - a throwing net
 s - 12 boomerangs
 x - 6 atropa-tipped darts
 y - 18 poisoned darts
 Y - 8 silver javelins
Armour
 u - a +2 cloak (worn)
 C - a +2 pair of boots of flying (worn)
 H - +0 acid dragon scales (worn)
 O - a +0 pair of gloves (worn)
 P - a +2 hat of willpower (worn)
Jewellery
 c - a ring of protection from fire
 h - the ring "Acli" (left hand) {rPois rC+ Will+}
   (You acquired it on level 3 of the Dungeon)

   [ring of willpower]

   rC:        It protects you from cold.
   rPois:     It protects you from poison.
   Will:      It increases your willpower.
 t - the amulet of Xecunius (around neck) {rN+ Will+ Regen+ Str+6 Dex-3}
   (You acquired it on level 4 of the Dungeon)

   [amulet of regeneration]

   Str:       It affects your strength (+6).
   Dex:       It affects your dexterity (-3).
   rN:        It protects you from negative energy.
   Regen:     It increases your rate of health regeneration.
   Will:      It increases your willpower.
 B - the ring "Diur Ite" (right hand) {Will+ Int+4 Dex+2 Slay+3 SInv}
   (You found it on level 10 of the Dungeon)

   [ring of see invisible]

   Int:       It affects your intelligence (+4).
   Dex:       It affects your dexterity (+2).
   Slay:      It affects your accuracy & damage with ranged weapons and melee
   (+3).
   SInv:      It lets you see invisible.
   Will:      It increases your willpower.
 M - the dreamshard necklace {Acrobat *Dream}
   (You found it in a Gauntlet)

   [amulet of the acrobat]

   *Dream:    It absorbs a single lethal wound into itself, holding its wearer
   just short of death and releasing dream-creatures to guard them.
   It increases your evasion while moving and waiting.
Wands
 k - a wand of flame (33)
 z - a wand of paralysis (27)
 G - a wand of polymorph (11)
 T - a wand of iceblast (9)
 U - a wand of mindburst (17)
 Z - a wand of quicksilver (10)
Scrolls
 j - 3 scrolls of poison
 w - 5 scrolls of teleportation
 I - 3 scrolls of revelation
 K - 2 scrolls of blinking
Potions
 b - 4 potions of magic
 f - 4 potions of enlightenment
 i - 4 potions of might
 n - 2 potions of haste
 o - 3 potions of cancellation
 p - 2 potions of heal wounds
 r - 4 potions of invisibility
 v - 9 potions of curing
 F - 5 potions of brilliance
Miscellaneous
 d - a box of beasts
 l - a tin of tremorstones (2/2)
 E - a lightning rod (4/4)
 V - a phantom mirror


   Skills:
 + Level 7.3 Polearms
 + Level 5.8 Armour
 + Level 6.5 Dodging
 + Level 4.0 Stealth
 * Level 14.2 Spellcasting
 + Level 3.0 Conjurations
 + Level 1.1 Hexes
 * Level 6.8 Summonings
 + Level 3.0 Translocations
 * Level 3.8 Fire Magic
 - Level 11.6 Ice Magic
 + Level 3.2 Earth Magic
 * Level 12.6 Invocations


You had one spell level left.
You knew the following spells:

 Your Spells              Type           Power      Damage    Failure   Level
a - Freeze                Ice            100%       1d10      1%          1
b - Ozocubu's Armour      Ice            68%        N/A       1%          3
c - Summon Ice Beast      Ice/Summ       61%        N/A       1%          4
d - Blink                 Tloc           68%        N/A       1%          2
e - Frozen Ramparts       Ice            100%       1d16      1%          3
f - Summon Mana Viper     Hex/Summ       39%        N/A       21%         5
g - Momentum Strike       Conj/Tloc      68%        3d9       1%          2
h - Passwall              Tmut/Erth      21%        N/A       3%          2
i - Stone Arrow           Conj/Erth      68%        3d11      3%          3
k - Flame Wave            Conj/Fire      36%        2d10      10%         4
l - Scorch                Fire           76%        2d8       1%          2
m - Portal Projectile     Hex/Tloc       58%        N/A       4%          3
n - Leda's Liquefaction   Hex/Erth       14%        N/A       16%         4
o - Hailstorm             Conj/Ice       54%        3d12      1%          3

Your spell library contained the following spells:

 Spells                   Type           Power      Damage    Failure   Level
 Sandblast                Erth           70%        2d15      1%          1
 Lesser Beckoning         Tloc           68%        N/A       1%          2
 Call Canine Familiar     Summ           53%        N/A       1%          3
 Cause Fear               Hex            12%        N/A       24%         4
 Anguish                  Hex/Necr       10%        N/A       30%         4
 Summon Cactus Giant      Summ           26%        N/A       34%         6
 Monstrous Menagerie      Summ           26%        N/A       88%         7
 Enfeeble                 Hex            12%        N/A       100%        7


Dungeon Overview and Level Annotations

Branches:
Dungeon (12/15)            Temple (1/1) D:6            Lair (5/5) D:8
  Swamp (0/4) Lair:2       Spider (0/4) Lair:3        Slime (0/5) Lair:5
    Orc (0/2) D:12          Sewer (visited)         Gauntlet (visited)

Altars:
Ashenzari
Cheibriados
Dithmenos
Fedhas
Gozag
Hepliaklqana
Kikubaaqudgha
Makhleb
Nemelex Xobeh
Okawaru
Qazlal
Ru
Sif Muna
Trog
Uskayaw
Vehumet
Wu Jian
Xom
Yredelemnul
Jiyva

Shops:
D:12 [

Annotations:
D:8 1 exclusion
D:10 CraigForest's ghost, journeyman FoFi


Innate Abilities, Weirdness & Mutations

You have a pair of horns on your head.
You are partially covered in yellow scales. (AC +2)
You regenerate a lot of health from kills.
When hurt, damage is shared between your health and your magic reserves.
You regenerate magic rapidly.
Your flesh is heat resistant. (rF+)
You expend magic power (3 MP) to strengthen your wands.


Message History

CraigForest's ghost hits you!
You emit a cloud of dark smoke.
You are electrocuted!
Unknown command.
You hit CraigForest's ghost. You freeze CraigForest's ghost.
You headbutt CraigForest's ghost, but do no damage.
CraigForest's ghost is almost destroyed.
The frozen ramparts melt away.
CraigForest's ghost hits you!
* * * LOW HITPOINT WARNING * * *
Unknown command.
You barely miss CraigForest's ghost.
CraigForest's ghost is almost destroyed.
Your shadow hits CraigForest's ghost but does no damage.
CraigForest's ghost completely misses you.
You closely miss CraigForest's ghost.
Your headbutt misses CraigForest's ghost.
CraigForest's ghost is almost destroyed.
CraigForest's ghost barely misses you.
You barely miss CraigForest's ghost.
CraigForest's ghost is almost destroyed.
You closely miss CraigForest's ghost.
CraigForest's ghost is almost destroyed.
CraigForest's ghost hits you!
* * * LOW HITPOINT WARNING * * *
You hit CraigForest's ghost but do no damage.
CraigForest's ghost is almost destroyed.
CraigForest's ghost hits you.
* * * LOW HITPOINT WARNING * * *
You are electrocuted!!
* * * LOW HITPOINT WARNING * * *
Casting: Scorch (safe; 1% risk of failure)
Confirm with . or Enter, or press ? or * to list all spells.
Okay, then.
You hit CraigForest's ghost but do no damage.
CraigForest's ghost is almost destroyed.
CraigForest's ghost barely misses you.
You closely miss CraigForest's ghost.
Your headbutt misses CraigForest's ghost.
CraigForest's ghost is almost destroyed.
CraigForest's ghost hits you!
You die...

#.#..............#
#.#.#####...######
#.'##...##.##...##
####.8.8.#.#.8.8.#
#.._(.#.#.._..#
#.8...#.#...8.#
###...'#.#'...###
###.#####...#####§########
#.........⌠...§W@§§......#
#.#.#####...#####§######.#
#.###...'#.#'...### #.#
#W##.8...#.#?..8.# #.#
...#.._..#.#.._..# #.#
...#.8.8.#.#.8.8.# #.#
...##...##.##...## #.#
.X.######...##### #.# ...#
#..#..## #.#


You could see CraigForest's ghost.

Vanquished Creatures
  Gastronok (Lair:1)
  A minotaur (Gauntlet)
  Nessos (D:12)
  Snorg (D:10)
  2 fire dragons (Lair:5)
  Fannar (Lair:2)
  A hydra (Lair:5)
  3 two-headed ogres (D:11)
  Erica (Lair:2)
  A death knight (D:12)
  11 death yaks
  Nergalle (D:12)
  A skeletal warrior (D:12)
  A skyshark (Lair:5)
  A swamp dragon (Lair:5)
  A necromancer (D:9)
  A bog body (Lair:2)
  A lindwurm (Lair:5)
  A deep elf pyromancer (D:12)
  A cyclops (D:12)
  3 black mambas
  12 elephants (Lair:5)
  8 torpor snails
  Psyche (D:12)
  2 minotaur zombies (Gauntlet)
  4 rime drakes
  A kobold demonologist (D:12)
  An orange demon (D:8)
  6 cane toads
  3 unseen horrors
  8 komodo dragons
  3 trolls
  8 hornets
  5 tyrant leeches
  11 polar bears
  A dream sheep (Lair:4)
  12 blink frogs
  2 slime creatures (D:12)
  The ghost of pokeman the Magician, an amateur DEHW (D:4)
  A vampire (D:12)
  A spriggan (Lair:5)
  2 wyverns
  A shadow (D:11)
  3 wraiths (D:12)
  3 basilisks
  The ghost of Triskal the Ruffian, an amateur DrSh (D:4)
  61 yaks
  A redback (Lair:3)
  6 vampire mosquitoes
  2 swamp worms (Gauntlet)
  A steam dragon (Gauntlet)
  3 acid dragons
  6 water moccasins
  Duvessa (D:5)
  2 orc warriors
  2 ice beasts
  2 swamp drakes (Lair:5)
  10 black bears
  2 sky beasts
  17 wolves
  2 phantoms (D:6)
  3 nameless horrors
  A kobold brigand (D:8)
  A gnoll sergeant (D:5)
  A wyvern zombie (D:6)
  3 bullfrogs
  2 water moccasin zombies (D:6)
  3 wights (D:10)
  2 scorpions
  Dowan (D:5)
  5 spriggan skeletons (D:10)
  4 killer bees (Gauntlet)
  3 howler monkeys
  A troll skeleton (D:10)
  A centaur zombie (D:6)
  2 jellies (D:6)
  A bullfrog skeleton (D:6)
  A hound (D:4)
  2 orc priests
  Jessica (D:2)
  8 orc wizards
  8 iguanas
  8 hell rats
  2 wolf simulacra (D:9)
  A killer bee zombie (D:6)
  A yak simulacrum (D:9)
  Robin (D:4)
  9 adders
  12 gnolls
  A howler monkey skeleton (D:6)
  6 river rats
  A shadow imp (D:8)
  2 white imps (D:7)
  An ufetubus (D:6)
  3 worms
  6 dart slugs
  21 orcs
  5 bats
  11 endoplasms
  A giant cockroach (D:4)
  18 goblins
  12 hobgoblins
  27 kobolds
  5 quokkas
  16 ball pythons
  A frilled lizard (Sewer)
  26 rats
  3 river rat simulacra (D:9)
509 creatures vanquished.

Vanquished Creatures (collateral kills)
  A death knight (D:12)
  A two-headed ogre (D:7)
  A death yak (Lair:5)
  Sonja (D:10)
  Amaemon (D:8)
  4 elephants (Lair:5)
  A guardian serpent (D:11)
  A black mamba (Lair:5)
  2 cane toads (Lair:2)
  A komodo dragon (Lair:4)
  2 rime drakes (Lair:4)
  2 trolls
  A queen bee (Gauntlet)
  A raiju (Gauntlet)
  2 dream sheep (Lair:4)
  A blink frog (Lair:2)
  Sigmund (D:5)
  9 yaks
  2 nameless horrors
  A wyvern (Lair:4)
  3 basilisks
  A vampire mosquito (D:12)
  A steam dragon (D:9)
  4 water moccasins
  2 acid dragons
  A hornet zombie (D:6)
  A black bear (Lair:5)
  An orc warrior (D:9)
  2 ogres (D:6)
  6 wolves
  A bullfrog (Lair:1)
  A killer bee (Gauntlet)
  A howler monkey (D:9)
  A bullfrog zombie (D:6)
  2 orc priests (D:12)
  A centaur skeleton (D:6)
  An iguana (Lair:5)
  3 orc wizards
  A hell rat (Lair:4)
  A polar bear simulacrum (D:9)
  3 yak simulacra (D:9)
  A wolf simulacrum (D:9)
  A howler monkey zombie (D:6)
  3 gnolls
  An adder (D:6)
  5 orcs
  2 kobolds (D:8)
87 creatures vanquished.

Grand Total: 596 creatures vanquished

Notes
Turn   | Place    | Note
-------+----------+-------------------------------------------
     0 | D:1      | bobarctor the Demonspawn Ice Elementalist began the quest
                  | for the Orb.
     0 | D:1      | Reached XP level 1. HP: 13/13 MP: 3/3
   113 | D:1      | Gained mutation: You regenerate magic rapidly. [demonic
                  | ancestry]
   113 | D:1      | Reached XP level 2. HP: 19/19 MP: 5/5
   811 | D:1      | Gained mutation: You regenerate a little health from kills.
                  | [demonic ancestry]
   811 | D:1      | Reached XP level 3. HP: 19/24 MP: 4/6
   820 | D:1      | Learned a level 3 spell: Ozocubu's Armour
  1177 | D:2      | Noticed Jessica
  1182 | D:2      | Killed Jessica
  1183 | D:2      | Reached XP level 4. HP: 30/30 MP: 2/8
  1249 | D:2      | Learned a level 4 spell: Summon Ice Beast
  1259 | D:2      | Reached skill level 3 in Spellcasting
  1812 | D:3      | Identified a scroll of acquirement
  1812 | D:3      | Acquired the ring "Acli" {rPois rC+ Will+}
  2020 | D:3      | Found a glowing drain.
  2033 | D:3      | Gained mutation: You are partially covered in yellow
                  | scales. (AC +2) [demonic ancestry]
  2033 | D:3      | Reached XP level 5. HP: 33/35 MP: 7/10
  2043 | Sewer    | Entered a sewer
  2049 | Sewer    | Learned a level 2 spell: Blink
  2503 | Sewer    | Reached skill level 4 in Spellcasting
  2555 | Sewer    | Reached skill level 5 in Ice Magic
  2782 | D:3      | Reached skill level 1 in Summonings
  3067 | D:4      | Acquired the amulet of Xecunius {rN+ Will+ Regen+ Str+6
                  | Dex-3}
  3104 | D:4      | Reached skill level 1 in Translocations
  3104 | D:4      | Reached XP level 6. HP: 39/41 MP: 6/12
  3147 | D:4      | Found a runed translucent gate.
  3147 | D:4      | Found a runed translucent gate.
  3147 | D:4      | Found a runed translucent gate.
  3158 | D:4      | Learned a level 3 spell: Frozen Ramparts
  3161 | D:4      | Noticed pokeman's ghost (amateur DEHW)
  3161 | D:4      | Noticed Triskal's ghost (amateur DrSh)
  3369 | D:4      | Noticed Robin
  3402 | D:4      | Killed Robin
  3616 | D:4      | Gained mutation: When hurt, damage is shared between your
                  | health and your magic reserves. [demonic ancestry]
  3616 | D:4      | Reached XP level 7. HP: 46/46 MP: 14/14
  3762 | D:4      | Reached skill level 5 in Spellcasting
  3768 | D:4      | Learned a level 2 spell: Lesser Beckoning
  4180 | D:5      | Entered Level 5 of the Dungeon
  4405 | D:5      | Gained mutation: You regenerate health from kills. [demonic
                  | ancestry]
  4405 | D:5      | Reached XP level 8. HP: 52/52 MP: 11/16
  4651 | D:5      | Noticed a troll
  4657 | D:5      | Learned a level 2 spell: Momentum Strike
  4672 | D:5      | Killed a troll
  4673 | D:5      | Reached skill level 6 in Spellcasting
  4733 | D:5      | Identified the amulet "Peak Suq" {Faith rElec}
  4769 | D:5      | Noticed Duvessa
  4770 | D:5      | Noticed Dowan
  4789 | D:5      | Killed Dowan
  4790 | D:5      | Killed Duvessa
  4958 | D:5      | Noticed Sigmund
  4973 | D:5      | Killed Sigmund
  5605 | D:6      | Found a staircase to the Ecumenical Temple.
  5612 | Temple   | Entered the Ecumenical Temple
  5657 | Temple   | Became a worshipper of Dithmenos the Shadowed
  5866 | D:6      | Reached skill level 7 in Spellcasting
  5866 | D:6      | Reached skill level 1 in Invocations
  5958 | D:6      | Gained mutation: You regenerate a lot of health from kills.
                  | [demonic ancestry]
  5958 | D:6      | Reached XP level 9. HP: 57/57 MP: 11/19
  6234 | D:6      | Reached skill level 1 in Polearms
  6409 | D:6      | Identified the +2 trident "Juvupim" {freeze, Str+3 Int+2
                  | Dex-4}
  6477 | D:6      | Noticed a nameless horror
  6521 | D:7      | Noticed a two-headed ogre
  6530 | D:7      | Killed a nameless horror
  7381 | D:7      | Reached * piety under Dithmenos
  7482 | D:7      | Killed a two-headed ogre
  7483 | D:7      | Reached skill level 8 in Spellcasting
  7946 | D:8      | Reached XP level 10. HP: 63/63 MP: 13/22
  8020 | D:8      | Noticed Amaemon
  8028 | D:8      | Noticed an orange demon
  8448 | D:9      | Reached ** piety under Dithmenos
  8449 | D:9      | Reached skill level 5 in Invocations
  8457 | D:9      | Found a bloodstained altar of Trog.
  8483 | D:9      | Reached skill level 9 in Spellcasting
  8624 | D:8      | Found a staircase to the Lair.
  8645 | Lair:1   | Entered Level 1 of the Lair of Beasts
  8740 | Lair:1   | Noticed Gastronok
  8752 | Lair:1   | Killed Gastronok
  9415 | Lair:1   | Reached XP level 11. HP: 68/68 MP: 10/24
  9565 | Lair:1   | Reached skill level 10 in Spellcasting
  9677 | Lair:1   | Reached skill level 1 in Armour
 10342 | D:8      | Identified the +0 hand axe "Afreu" {flame, Will+ Stlth+}
 10415 | D:8      | Reached *** piety under Dithmenos
 10686 | D:8      | Killed Amaemon
 10990 | D:9      | Noticed a necromancer
 11004 | D:9      | Killed a necromancer
 11595 | Lair:2   | Reached skill level 5 in Polearms
 11595 | Lair:2   | Reached skill level 5 in Dodging
 11604 | Lair:2   | Reached skill level 5 in Summonings
 11671 | Lair:2   | Learned a level 2 spell: Passwall
 11675 | Lair:2   | Learned a level 3 spell: Stone Arrow
 11709 | Lair:2   | Noticed Fannar
 11801 | Lair:2   | Killed Fannar
 11889 | Lair:2   | Reached XP level 12. HP: 73/74 MP: 17/26
 11891 | Lair:2   | Reached skill level 1 in Conjurations
 11919 | Lair:2   | Reached skill level 1 in Earth Magic
 11970 | Lair:2   | Found a staircase to the Swamp.
 12151 | Lair:2   | Reached **** piety under Dithmenos
 12458 | Lair:2   | Noticed Erica
 12680 | Lair:2   | Killed Erica
 13129 | Lair:3   | Reached skill level 11 in Spellcasting
 13443 | Lair:3   | Learned a level 1 spell: Sandblast
 13472 | Lair:3   | Found a hole to the Spider Nest.
 14140 | Lair:4   | Reached skill level 5 in Armour
 14438 | Lair:4   | Reached skill level 10 in Ice Magic
 14443 | Lair:4   | Reached ***** piety under Dithmenos
 14725 | Lair:4   | Reached skill level 10 in Invocations
 14737 | Lair:4   | Reached XP level 13. HP: 79/79 MP: 22/28
 15527 | Lair:5   | Entered Level 5 of the Lair of Beasts
 15571 | Lair:5   | Found a gate leading to a gauntlet.
 15575 | Gauntlet | Entered a Gauntlet
 15575 | Gauntlet | Found a transporter.
 15575 | Gauntlet | Found a transporter.
 15575 | Gauntlet | Found a large runed translucent door.
 15575 | Gauntlet | Found a large runed translucent door.
 15575 | Gauntlet | Found a large runed translucent door.
 15575 | Gauntlet | Found a large runed translucent door.
 15575 | Gauntlet | Found a large runed translucent door.
 15575 | Gauntlet | Found a large runed translucent door.
 15575 | Gauntlet | Found a runed translucent door.
 15575 | Gauntlet | Found a runed translucent door.
 15575 | Gauntlet | Found a large runed translucent door.
 15575 | Gauntlet | Found a large runed translucent door.
 15575 | Gauntlet | Found a large runed translucent door.
 15575 | Gauntlet | Found a large runed translucent door.
 15575 | Gauntlet | Found a large runed translucent door.
 15575 | Gauntlet | Found a large runed translucent door.
 15579 | Gauntlet | Found a transporter.
 15579 | Gauntlet | Found a transporter.
 15603 | Gauntlet | Found a transporter.
 15611 | Gauntlet | Found a transporter.
 15613 | Gauntlet | Found a transporter.
 15613 | Gauntlet | Found a transporter.
 15615 | Gauntlet | Found the dreamshard necklace {Acrobat *Dream}
 15617 | Gauntlet | Found a transporter.
 15651 | Gauntlet | Found a transporter.
 15664 | Gauntlet | Found a large runed translucent door.
 15665 | Gauntlet | Found a large runed translucent door.
 15667 | Gauntlet | Found a runed translucent gate.
 15668 | Gauntlet | Found a runed translucent gate.
 15669 | Gauntlet | Found a runed translucent gate.
 15669 | Gauntlet | Found a transporter.
 15687 | Gauntlet | Found a large runed translucent door.
 15688 | Gauntlet | Found a large runed translucent door.
 15715 | Gauntlet | Found a transporter.
 15729 | Gauntlet | Found a transporter.
 15814 | Gauntlet | Found a transporter.
 15829 | Gauntlet | Found a transporter.
 15843 | Gauntlet | Found a transporter.
 16263 | Gauntlet | Identified the +6 sling "Melenkit" {elec, rF+ rN+ SInv}
 16263 | Gauntlet | Noticed a minotaur
 16276 | Gauntlet | Killed a minotaur
 16277 | Gauntlet | Reached skill level 12 in Spellcasting
 17301 | Lair:5   | Learned a level 4 spell: Flame Wave
 17304 | Lair:5   | Learned a level 2 spell: Scorch
 17308 | Lair:5   | Learned a level 3 spell: Portal Projectile
 17313 | Lair:5   | Learned a level 4 spell: Leda's Liquefaction
 17800 | Lair:5   | Gained mutation: You have a pair of small horns on your
                  | head. [demonic ancestry]
 17800 | Lair:5   | Reached XP level 14. HP: 82/85 MP: 10/30
 17808 | Lair:5   | Reached skill level 13 in Spellcasting
 17809 | Lair:5   | Reached skill level 1 in Fire Magic
 18255 | Lair:5   | Found a viscous altar of Jiyva.
 18256 | Lair:5   | Found a staircase to the Slime Pits.
 18331 | Lair:5   | Reached ****** piety under Dithmenos
 18603 | Lair:5   | Found a runed translucent door.
 20105 | D:10     | Entered Level 10 of the Dungeon
 20171 | D:10     | Noticed Sonja
 20183 | D:10     | Killed Sonja
 20215 | D:10     | Identified the ring "Diur Ite" {Will+ Int+4 Dex+2 Slay+3
                  | SInv}
 20342 | D:10     | Noticed Snorg
 20355 | D:10     | Killed Snorg
 20391 | D:10     | Learned a level 3 spell: Hailstorm
 20742 | D:10     | Found a stormy altar of Qazlal.
 20827 | D:10     | Found an opulent altar of Gozag.
 20833 | D:10     | Found an iron altar of Okawaru.
 21248 | D:11     | Found a runed translucent door.
 21248 | D:11     | Found a shimmering altar of Xom.
 21248 | D:11     | Noticed CraigForest's ghost (journeyman FoFi)
 21619 | D:11     | Reached skill level 1 in Hexes
 21651 | D:11     | Gained mutation: A frigid envelope surrounds you and
                  | freezes all who hurt you. [potion of mutation]
 21651 | D:11     | Gained mutation: You occasionally lose the ability to read
                  | scrolls when taking damage. [potion of mutation]
 21651 | D:11     | Gained mutation: Your mind is acute. (Int +4, Str/Dex -1)
                  | [potion of mutation]
 21847 | D:12     | Noticed Nergalle
 21940 | D:12     | Noticed Nessos
 22050 | D:12     | Lost mutation: Your mind is acute. (Int +4, Str/Dex -1)
                  | [potion of mutation]
 22050 | D:12     | Lost mutation: A frigid envelope surrounds you and freezes
                  | all who hurt you. [potion of mutation]
 22050 | D:12     | Gained mutation: Your spells are a little harder to cast,
                  | but a little more powerful. [potion of mutation]
 22050 | D:12     | Gained mutation: You possess an exceptional clarity of
                  | mind. [potion of mutation]
 22051 | D:12     | Lost mutation: You occasionally lose the ability to read
                  | scrolls when taking damage. [potion of mutation]
 22051 | D:12     | Lost mutation: Your spells are a little harder to cast, but
                  | a little more powerful. [potion of mutation]
 22051 | D:12     | Gained mutation: Your spells are a little harder to cast,
                  | but a little more powerful. [potion of mutation]
 22052 | D:12     | Lost mutation: You possess an exceptional clarity of mind.
                  | [potion of mutation]
 22052 | D:12     | Lost mutation: Your spells are a little harder to cast, but
                  | a little more powerful. [potion of mutation]
 22052 | D:12     | Gained mutation: You are agile. (Dex +4, Str/Int -1)
                  | [potion of mutation]
 22052 | D:12     | Gained mutation: You have supernaturally acute eyesight.
                  | (SInv) [potion of mutation]
 22053 | D:12     | Lost mutation: You have supernaturally acute eyesight.
                  | (SInv) [potion of mutation]
 22053 | D:12     | Lost mutation: You are agile. (Dex +4, Str/Int -1) [potion
                  | of mutation]
 22053 | D:12     | Gained mutation: Your flesh is cold resistant. (rC+)
                  | [potion of mutation]
 22053 | D:12     | Gained mutation: Your flesh is very cold resistant. (rC++)
                  | [potion of mutation]
 22053 | D:12     | Gained mutation: Your movements are slightly less
                  | encumbered by armour. (ER -2) [potion of mutation]
 22054 | D:12     | Lost mutation: Your movements are slightly less encumbered
                  | by armour. (ER -2) [potion of mutation]
 22054 | D:12     | Lost mutation: Your flesh is very cold resistant. (rC++)
                  | [potion of mutation]
 22054 | D:12     | Lost mutation: Your flesh is cold resistant. (rC+) [potion
                  | of mutation]
 22054 | D:12     | Gained mutation: You expend magic power (3 MP) to
                  | strengthen your wands. [potion of mutation]
 22054 | D:12     | Gained mutation: Your flesh is heat resistant. (rF+)
                  | [potion of mutation]
 22131 | D:12     | Found a staircase to the Orcish Mines.
 22172 | D:12     | Noticed Psyche
 22187 | D:12     | Killed Psyche
 22235 | D:12     | Found Boelieconi's Antique Armour Emporium.
 22254 | D:12     | Bought a pair of scorched gloves for 285 gold pieces
 22254 | D:12     | Identified the +1 pair of gloves of Mahis {-Tele rN+
                  | Slay+2} (You bought it in a shop on level 12 of the
                  | Dungeon)
 22291 | D:12     | Reached skill level 14 in Spellcasting
 22315 | D:12     | Killed Nergalle
 22796 | Lair:1   | Learned a level 5 spell: Summon Mana Viper
 22933 | D:4      | Killed pokeman's ghost
 22935 | D:4      | Killed Triskal's ghost
 23382 | D:11     | HP: 3/80 [+0 long sword of chaos (6)]
 23496 | D:12     | Killed Nessos
 24264 | D:12     | Gained mutation: You have a pair of horns on your head.
                  | [demonic ancestry]
 24264 | D:12     | Reached XP level 15. HP: 51/88 MP: 11/33
 24513 | D:10     | HP: 3/88 [CraigForest's ghost (16)]
 24515 | D:10     | Mangled by CraigForest's ghost

Illustrated notes

Levels and vault maps discovered:
D:1:      matt_arrival_los_fun, layout_loops_corners, chequers_garden
D:2:      layout_loops_ring, uniq_jessica
D:3:      layout_rooms, cheibrodos_sewer_entry_sluice
D:4:      kennysheep_six_static_rooms, layout_basic, gammafunk_ghost_cemetery,
          uniq_robin
D:5:      layout_layer_cave, hangedman_decor_riveting,
          corexii_item_surrounded_by_moat, uniq_duvessa, uniq_sigmund
D:6:      layout_layer_cave, minmay_temple_entry_overgrown, serial_undead,
          serial_undead_a, serial_undead_f, serial_undead_f, serial_undead_f,
          serial_undead_d, serial_undead_d, serial_undead_c
D:7:      layout_basic
D:8:      layout_loops_cross, dpeg_oklobed_lair, serial_rivers,
          chequers_serial_rivers_large_a, chequers_serial_rivers_micro_c,
          chequers_serial_rivers_marsh, chequers_serial_rivers_micro_c,
          chequers_serial_rivers_small_b, uniq_amaemon
D:9:      layout_basic, kennysheep_mini_moat, eino_house_with_fridge
D:10:     layout_basic, grunt_temple_overflow_cloverleaf,
          nicolae_qazlal_style_of_elements, hangedman_tell_no_tales, uniq_snorg,
          uniq_sonja
D:11:     layout_roguey, ebering_ghost_xom, nrook_guardian_serpent_ordinary
D:12:     cheibrodos_tormentor_scu, layout_cave_pools,
          minmay_orc_entry_temple_small, serial_shops, shop, uniq_psyche,
          uniq_nergalle, uniq_nessos
Temple:   nicolae_temple_elliptical
Lair:1:   beast_lair_carwin_large_4, layout_loops_ring, bh_autumn_forest_stairs,
          serial_bayou_shore_a, uniq_gastronok
Lair:2:   layout_small_grid, skrybe_swamp_entry_bodies,
          chequers_serial_rivers_micro_d, uniq_fannar, uniq_erica
Lair:3:   layout_cave_pods, spider_nest_entry_rubble
Lair:4:   layout_cave_pods, cheibrodos_lair_caveside_slide
Lair:5:   guppyfry_lair_end_dragon, layout_loops_ring, wormcave, slime_entry_1,
          gauntlet_entry_generic, grunt_forest_large_clearings,
          serial_bayou_shore_b, grunt_megastairs_3

Skill      XL: |  1  2  3  4  5  6  7  8  9 10 11 12 13 14 |
---------------+-------------------------------------------+-----
Ice Magic      | 4 5 6 7 8 9 10 11 | 11.6
Spellcasting   | 3 4 5 7 8 9 10 11 12 14 | 14.2
Stealth        | 2 3 4 |  4.0
Summonings     | 1 2 3 4 5 6 |  6.8
Dodging        | 2 3 4 5 6 |  6.5
Translocations | 1 2 3 |  3.0
Invocations    | 1 4 6 8 10 11 12 | 12.6
Polearms       | 2 3 5 6 7 |  7.3
Armour         | 3 5 |  5.8
Conjurations   | 3 |  3.0
Earth Magic    | 3 |  3.2
Fire Magic     | 3 |  3.8
Hexes          | 1 |  1.1

Action                     |  1- 3 |  4- 6 |  7- 9 | 10-12 | 13-15 || total
---------------------------+-------+-------+-------+-------+-------++-------
  Melee: Whip              |       |    17 |       |       |       ||    17
         Trident           |       |    13 |   244 |   535 |   661 ||  1453
         Punch             |       |       |     5 |     8 |    10 ||    23
         Rapier            |       |       |       |    17 |       ||    17
         Headbutt          |       |       |       |       |    77 ||    77
   Fire: Sling             |    62 |   123 |    29 |    13 |    82 ||   309
   Cast: Freeze            |    20 |   108 |    14 |     9 |     6 ||   157
         Ozocubu's Armour  |     3 |    18 |    32 |    58 |    84 ||   195
         Frozen Ramparts   |       |     4 |    24 |    64 |   126 ||   218
         Summon Ice Beast  |       |       |    20 |    56 |    79 ||   155
         Blink             |       |       |     3 |       |     5 ||     8
         Lesser Beckoning  |       |       |     1 |       |       ||     1
         Stone Arrow       |       |       |       |       |    33 ||    33
         Passwall          |       |       |       |       |     1 ||     1
         Leda's Liquefacti |       |       |       |       |    16 ||    16
         Portal Projectile |       |       |       |       |    11 ||    11
         Flame Wave        |       |       |       |       |     3 ||     3
         Summon Mana Viper |       |       |       |       |     3 ||     3
         Scorch            |       |       |       |       |     3 ||     3
    Use: Scroll            |       |     6 |     3 |     1 |    21 ||    31
         Potion            |       |       |       |     1 |    12 ||    13
   Stab: Sleeping          |       |     2 |       |       |       ||     2
         Distracted        |       |       |     1 |     5 |     2 ||     8
 Armour: Robe              |     4 |    44 |   124 |    31 |       ||   203
         Acid dragon scale |       |       |       |   278 |   399 ||   677
  Dodge: Dodged            |    10 |    81 |   205 |   527 |   467 ||  1290

Table legend: (Time is in decaauts)
 A = Elapsed time spent in this place.
 B = Non-inter-level travel time spent in this place.
 C = Inter-level travel time spent in this place.
 D = Time resting spent in this place.
 E = Time spent auto-exploring this place.
 F = Levels seen in this place.
 G = Mean time per level.
                   A        B        C        D        E       F      G
               +--------+--------+--------+--------+--------+-----+--------+
         Total |  24866 |  22832 |   2034 |   3464 |  13073 |  20 | 1243.3 |
       Dungeon |  13956 |  12604 |   1352 |   1472 |   7843 |  12 | 1163.0 |
        Temple |     74 |     52 |     22 |      0 |      0 |   1 |   74.0 |
          Lair |   9014 |   8354 |    660 |   1608 |   4441 |   5 | 1802.8 |
         Sewer |    773 |    773 |      0 |    123 |    487 |   1 |  773.0 |
      Gauntlet |   1047 |   1047 |      0 |    261 |    300 |   1 | 1047.0 |
               +--------+--------+--------+--------+--------+-----+--------+

Top non-repeatable levels by time:
  Lair:5: 2873 daAuts
  Lair:4: 1818 daAuts
    D:12: 1747 daAuts
     D:6: 1742 daAuts
  Lair:1: 1637 daAuts
  Lair:2: 1569 daAuts
     D:4: 1366 daAuts
     D:5: 1349 daAuts
    D:10: 1228 daAuts
     D:8: 1180 daAuts
  Lair:3: 1115 daAuts
     D:9: 1091 daAuts
     D:1: 1090 daAuts
Gauntlet: 1047 daAuts
    D:11: 904 daAuts
